 Dungeon Crawl Stone Soup version 0.19.0-11-g3fc08b3 (webtiles) character file.

104 Dustbunny the Sneak (level 5, -8/38 HPs)
             Began as a Human Assassin on Nov 8, 2016.
             Mangled by a gnoll
             ... wielding a +0 spear
              (10 damage)
             ... on level 2 of the Dungeon.
             The game lasted 00:07:12 (2070 turns).

Dustbunny the Sneak (Human Assassin)                Turns: 2070, Time: 00:07:13

Health: -8/38      AC:  4    Str: 11    XL:     5   Next: 7%
Magic:  5/5        EV: 12    Int: 12    God:
Gold:   94         SH:  0    Dex: 15    Spells: 0 memorised, 4 levels left

rFire  . . .     SeeInvis .     a - +2 dagger
rCold  . . .     Gourm    .     c - +1 robe
rNeg   . . .     Faith    .     (no shield)
rPois  .         Spirit   .     (no helmet)
rElec  .         Reflect  .     d - +0 cloak
rCorr  .         Harm     .     (no gloves)
MR     .....                    (no boots)
Stlth  +++.......               (no amulet)
                                (no ring)
                                (no ring)

@: no status effects
A: no striking features
a: no special abilities


You were on level 2 of the Dungeon.
You were not hungry.

You visited 1 branch of the dungeon, and saw 2 of its levels.

You collected 94 gold pieces.

Inventory:

Hand Weapons
 a - a +2 dagger (weapon)
 b - a +0 blowgun
 t - a +0 dagger
 u - a +0 hunting sling
Missiles
 e - 21 poisoned needles
 f - 2 curare-tipped needles
 i - 74 stones (quivered)
 r - 31 arrows
Armour
 c - a +1 robe (worn)
 d - a +0 cloak (worn)
Jewellery
 j - a cursed ring of flight {unknown}
 s - an uncursed amulet of regeneration {unknown}
Scrolls
 h - 2 scrolls of magic mapping
 p - 2 scrolls of teleportation {unknown}
 q - a scroll of recharging
Potions
 k - 2 potions of cure mutation {unknown}
 l - a potion of brilliance {unknown}
 n - a potion of might {unknown}
 o - a potion of curing {unknown}
Comestibles
 g - 2 bread rations
 m - a meat ration


   Skills:
 + Level 2.2 Fighting
 + Level 3.4 Short Blades
 + Level 2.2 Throwing
 + Level 1.7 Dodging
 + Level 4.8 Stealth


You had 4 spell levels left.
You didn't know any spells.

Dungeon Overview and Level Annotations

Branches:
Dungeon (2/15)

Altars:


Message History

You barely miss the gnoll.
The gnoll is severely wounded.
The gnoll hits you with a spear.
You hit the gnoll.
The gnoll is severely wounded.
You closely miss the gnoll.
The gnoll is severely wounded.
The gnoll hits you with a spear.
You hit the gnoll but do no damage.
The gnoll is severely wounded.
The gnoll hits you with a spear.
* * * LOW HITPOINT WARNING * * *
You closely miss the gnoll.
The gnoll is severely wounded.
The gnoll hits you with a spear!
* * * LOW HITPOINT WARNING * * *
You hit the gnoll but do no damage.
The gnoll is severely wounded.
The gnoll hits you with a spear!
You die...

###########.#...#
#...........
#.....##).###...........
#...####.........#######
#...####.........# ...8
#..>##...<.......#######
#..............#........
#...#..##.#.##....#...##
#...#...#.#.#...###..###
#...###@#...#.#..##....#
#...# #.g...#.##........
##### ###...#.##....##..
#...#.#..##.....
#.......###.....
............####......
........#.....##......
........##..#..#..#...
.....g.###........#...


You could see a gnoll.

Vanquished Creatures
  4 adders (D:2)
  3 oozes
  2 worms (D:2)
  2 dart slugs
  2 leopard geckos (D:2)
  3 giant cockroaches
  3 goblins (D:2)
  3 hobgoblins (D:2)
  4 jackals (D:1)
  6 kobolds
  A ball python (D:1)
  6 bats
  4 frilled lizards
  3 rats
46 creatures vanquished.

Notes
Turn   | Place    | Note
-------+----------+-------------------------------------------
     0 | D:1      | Dustbunny the Human Assassin began the quest for the Orb.
     0 | D:1      | Reached XP level 1. HP: 16/16 MP: 1/1
   211 | D:1      | Reached XP level 2. HP: 19/22 MP: 2/2
   623 | D:1      | Reached XP level 3. HP: 27/27 MP: 3/3
  1212 | D:2      | Reached XP level 4. HP: 33/33 MP: 4/4
  1618 | D:2      | Reached XP level 5. HP: 14/38 MP: 5/5
  2070 | D:2      | Mangled by a gnoll

Skill      XL: |  1  2  3  4 |
---------------+-------------+-----
Short Blades   | 3 |  3.4
Fighting       | |  2.2
Throwing       | |  2.2
Dodging        | |  1.7
Stealth        | |  4.8

Action                   |  1- 3 |  4- 6 || total
-------------------------+-------+-------++-------
Melee: Dagger            |    74 |    99 ||   173
  Use: Scroll            |     4 |       ||     4
 Stab: Sleeping          |     5 |     1 ||     6
       Distracted        |       |     1 ||     1
  Eat: Bread ration      |     1 |       ||     1
Armor: Robe              |    23 |    15 ||    38
Dodge: Dodged            |    49 |    65 ||   114
